[Event "*** SCC Grand Prix: Titled Tuesday Blitz"]
[Site "Chess.com"]
[Date "2020.06.23"]
[Round "2"]
[White "SergeyKarjakin"]
[Black "zaur-mammadov"]
[Result "0-1"]
[WhiteElo "2943"]
[BlackElo "2615"]
[TimeControl "180+1"]
[EndTime "10:19:31 PDT"]
[Termination "zaur-mammadov won on time"]

1. e4 e6 2. d4 d5 3. Nd2 Be7 4. Ngf3 Nf6 5. e5 Nfd7 6. c3 c5 7. Bd3 Nc6 8. O-O g5 9. dxc5 g4 10. Nd4 Ndxe5 11. Bb5 Bd7 12. N2b3 h5 13. Re1 Nxd4 14.
Bxd7+ Qxd7 15. cxd4 Nc6 16. Bf4 f5 17. Nc1 Kf7 18.
Nd3 Bf6 19. Be5 h4 20. Bxf6 Kxf6 21. Ne5 Nxe5 22. Rxe5 b6 23. Qe2 bxc5 24. Re1 Rae8 25. dxc5 Kf7 26. b4 g3 27. fxg3 hxg3 28. h3 Rh4 29. b5 Qe7 30. c6 Re4 31. Qh5+ Kf6 32.
R5xe4 dxe4 33. Qh4+ Kf7 34. Qxg3 Qc5+ 35. Qf2 Qxb5 36. Rxe4 Qxc6 37. Rd4 Qc1+ 38. Kh2 Qc7+ 39. g3 Rb8 40. Rd2 Rb6 41. Qf3 Rc6 42. Qh5+ Kf6 43. Qe2 Rc3 44. Qf2 a5 45. h4 Rc4 46. Kh3 Qg7 47.
Kh2 Qc7 48. Kg2 Qc6+ 49. Qf3 Qc7 50. Qh5 Rg4 51. Qh6+ Rg6 52. Qf8+ Qf7 53. Qd8+ Kg7 0-1

[Event "*** SCC Grand Prix: Titled Tuesday Blitz"]
[Site "Chess.com"]
[Date "2020.06.23"]
[Round "2"]
[White "Fh2411"]
[Black "Dr-Bassem"]
[Result "1/2-1/2"]
[WhiteElo "2531"]
[BlackElo "2790"]
[TimeControl "180+1"]
[EndTime "10:19:31 PDT"]
[Termination "Game drawn by repetition"]

1. d4 e6 2. Nf3 f5 3. g3 Nf6 4. Bg2 Be7 5. O-O O-O 6. c4 d6 7. Nc3 Qe8 8. Bg5 Ne4 9. Bxe7 Nxc3 10. bxc3 Qxe7 11. Re1 Nc6 12. e4 e5 13. exf5 Bxf5 14. dxe5 dxe5 15. Nxe5 Nxe5 16. Qd5+ Qf7 17. Rxe5 c6 18.
Qxf7+ Rxf7 19. Rd1 Raf8 20. Rd2 Rd7 21. Rxd7 Bxd7 22.
c5 Kf7 23. f4 Be6 24. Re2 Rd8 25. Rb2 Rd7 26. Kf2 Bc4 27. Be4 h6 28. Ke3 Kf6 29.
h4 Ba6 30. Rd2 Rxd2 31. Kxd2 Bc4 32. a3 g5 33. hxg5+ hxg5 34. Ke3 Be6 35. Kd4 Bg4 36. Bd3 gxf4 37. gxf4 Be6 38. Be4 Bd7 39. Ke3 Be6 40.
Kf3 Bd7 41. Kg3 Be6 42. Kf3 Bd7 43. Ke3 Bg4 44. Kd4 Be6 45. Bd3 Bf7 46. f5 Bd5 47.
Bc2 Bg2 48. Be4 Bh3 49. Ke3 Bxf5 50. Kf4 Bxe4 51. Kxe4 Ke6 52. c4 Kf6 53. Kf4 Ke6 54.
Ke4 Kf6 55. Kf4 a6 56. a4 a5 57. Ke4 Ke6 58. Kf4 Kf6 59. Ke4 Ke6 60. Kf4 Kf6 1/2-1/2

[Event "*** SCC Grand Prix: Titled Tuesday Blitz"]
[Site "Chess.com"]
[Date "2020.06.23"]
[Round "2"]
[White "manmanlai1"]
[Black "Panterov"]
[Result "1-0"]
[WhiteElo "2409"]
[BlackElo "2155"]
[TimeControl "180+1"]
[EndTime "10:19:31 PDT"]
[Termination "manmanlai1 won on time"]

1. e4 d6 2. d4 g6 3. Nf3 Bg7 4. Bc4 Nf6 5. Qe2 O-O 6. e5 dxe5 7. dxe5 Nd5 8. O-O c6 9. Nbd2 Be6 10. Bb3 a5 11. a3 a4 12. Ba2 Nf4 13. Qe4 Bxa2 14. Rxa2 Ne6 15. Ra1 Nd7 16. Re1 Qc7 17. Nf1 b5 18. h4 h5 19. Bf4 Ndc5 20. Qe3 Nxf4 21. Qxf4 Rad8 22. Ne3 e6 23. g4 hxg4 24. Nxg4 Rd5 25.
Kg2 Rfd8 26. Re2 f5 27. Nh6+ Bxh6 28. Qxh6 Qg7 29. Qf4 R8d7 30. Rh1 Ne4 31. Rh3 c5 32. Ng5 Nxg5 33. Qxg5 Rxe5 34. Rxe5 Qxe5 35. h5 Qe4+ 36. Kh2 Qe5+ 37. Rg3 Rg7 38. f4 Qe2+ 39. Kg1 Qxh5 40. Qd8+ Kh7 41. Qd3 g5 42. Rh3 gxf4+ 43. Kf2 Qxh3 44.
Qxh3+ Kg8 45. Qf3 Rg4 46. Qa8+ Kf7 47. Qb7+ Kf6 48. Qxb5 f3 49. Qxc5 Rf4 50. Qf8+ Ke5 51. Qb8+ 1-0

[Event "*** SCC Grand Prix: Titled Tuesday Blitz"]
[Site "Chess.com"]
[Date "2020.06.23"]
[Round "2"]
[White "manitodeplomo"]
[Black "imdarealist"]
[Result "1-0"]
[WhiteElo "2549"]
[BlackElo "2309"]
[TimeControl "180+1"]
[EndTime "10:19:32 PDT"]
[Termination "manitodeplomo won by resignation"]

1. e4 e5 2. d4 exd4 3. Qxd4 Nc6 4. Qe3 d6 5. Nc3 Nf6 6. b3 Be7 7. Bb2 O-O 8. O-O-O Ng4 9. Qd2 a5 10. h3 Nf6 11. f4 Re8 12. Nf3 Bf8 13. Bd3 Nb4 14.
g4 Nxd3+ 15. Qxd3 b6 16. Rhe1 Nd7 17. Nd5 Nc5 18. Qd4 Bb7 19. Kb1 Ne6 20. Qd2 Nc5 21. Qd4 Ne6 22. Qe3 Nc5 23. e5 Bxd5 24. Rxd5 Qc8 25. Rdd1 Qb7 26. Qf2 Rad8 27. f5 dxe5 28.
Nxe5 Rxd1+ 29. Rxd1 f6 30. Nc4 Ne4 31. Qd4 Bc5 32.
Qd7 Qc8 33. Qd5+ Kh8 34. a4 Nf2 35. Rd2 Ne4 36. Rd3 Nf2 37. Rf3 Ne4 38. Qf7 Re7 39.
Qd5 Rd7 40. Qxe4 Qd8 41. Rd3 Rxd3 42. Qxd3 Qe8 43. Ka2 h6 44. Bd4 Bf8 45. Bc3 Qe7 46. Kb2 c6 47. Qe3 Qd7 48. Qe6 Qxe6 49. fxe6 b5 50. Nxa5 bxa4 51. bxa4 c5 52. Nc6 Bd6 53. e7 Bxe7 54. Nxe7 Kh7 55. Nc6 Kg6 56. a5 f5 57.
a6 f4 58. a7 f3 59. Be1 f2 60. Bxf2 Kg5 61. a8=Q 1-0

[Event "*** SCC Grand Prix: Titled Tuesday Blitz"]
[Site "Chess.com"]
[Date "2020.06.23"]
[Round "2"]
[White "Firouzja2003"]
[Black "Joshukid"]
[Result "1-0"]
[WhiteElo "3127"]
[BlackElo "2615"]
[TimeControl "180+1"]
[EndTime "10:19:33 PDT"]
[Termination "Firouzja2003 won on time"]

1. d4 Nf6 2. c4 e6 3. Nf3 d5 4.
Nc3 a6 5. cxd5 exd5 6. Bg5 Be6 7. e3 Nbd7 8. Bd3 Bd6 9. h3 c6 10. O-O Qb8 11. Ne2 h6 12. Bf4 O-O 13. Bxd6 Qxd6 14.
Nf4 Rfe8 15. Rc1 Rac8 16. Qd2 Ne4 17. Qc2 f5 18. Nd2 Bf7 19. Nb3 g6 20. Be2 Re7 21.
Nd3 Rce8 22. Rfe1 Kg7 23. Bf1 Nef6 24. Nbc5 Nxc5 25. dxc5 Qe6 26. Qc3 Kh7 27. Qd4 Nd7 28.
f4 Qf6 29. Kf2 Qxd4 30. exd4 Rxe1 31. Rxe1 Rxe1 32. Kxe1 Kg7 33. Kd2 Kf6 34. Kc3 Ke7 35. Kb4 Kd8 36. Be2 Kc7 37. Bf3 Nf6 38. Ne5 Be8 39.
a3 Nd7 40. Nd3 Nf6 41. g4 fxg4 42. hxg4 g5 43. f5 h5 44. gxh5 Bxh5 45. Bxh5 Nxh5 46.
Ne5 Nf6 47. Kc3 Ne4+ 48. Kd3 Kd8 49. Ke3 Ke7 50. Ng4 Nf6 51. Kf3 1-0

[Event "*** SCC Grand Prix: Titled Tuesday Blitz"]
[Site "Chess.com"]
[Date "2020.06.23"]
[Round "2"]
[White "Valuebet2000"]
[Black "Harsha_Bharathakoti"]
[Result "0-1"]
[WhiteElo "2531"]
[BlackElo "2808"]
[TimeControl "180+1"]
[EndTime "10:19:33 PDT"]
[Termination "Harsha_Bharathakoti won by resignation"]

1. d4 Nf6 2. c4 c5 3. d5 e6 4.
Nc3 exd5 5. cxd5 d6 6. e4 g6 7. Nf3 Bg7 8. h3 O-O 9. Bd3 a6 10. a4 Re8 11. O-O c4 12. Bc2 Nbd7 13. Be3 Qc7 14. Bd4 b6 15. Rc1 Nc5 16. Re1 Bd7 17. e5 dxe5 18. Nxe5 Nh5 19. Nxd7 Rxe1+ 20. Qxe1 Bxd4 21.
Nxc5 Qxc5 22. Rd1 Nf6 23. Qd2 Bxc3 24. Qxc3 Nxd5 25. Qf3 Nc7 26. Rd7 Rf8 27. Qb7 Ne6 28. Qxa6 Nf4 29. Qb5 Ne2+ 30. Kf1 Nd4 31. Qxc5 bxc5 32.
Be4 Rb8 33. Bb7 Nb3 34. Bd5 Nd2+ 35. Ke1 Rxb2 36. Rxf7 c3 37. Rc7+ Kf8 38. Rxc5 Nb1 39. Kd1 Rxf2 40. Ba2 Rxa2 41. a5 c2+ 42. Kc1 Ke7 43.
Rxc2 Rxc2+ 44. Kxc2 Na3+ 45. Kb3 Nb5 46. Kb4 Nc7 47.
Kc5 Kd7 48. g4 h6 49. h4 Ne6+ 50. Kb6 Kc8 51. Kc6 Nd4+ 52. Kd5 Nf3 53. h5 g5 54. Ke4 Nh2 55. Kf5 Kb7 56. Kg6 Nxg4 57. Kf5 Ne3+ 58. Kg6 g4 0-1

[Event "*** SCC Grand Prix: Titled Tuesday Blitz"]
[Site "Chess.com"]
[Date "2020.06.23"]
[Round "2"]
[White "PavelChernomordik"]
[Black "Vuk2000"]
[Result "0-1"]
[WhiteElo "2304"]
[BlackElo "2647"]
[TimeControl "180+1"]
[EndTime "10:19:33 PDT"]
[Termination "Vuk2000 won on time"]

1. e4 d5 2. exd5 Qxd5 3. Nc3 Qd6 4. Bc4 Nf6 5. Qe2 c6 6. Nf3 Bg4 7. Bxf7+ Kxf7 8. Ne5+ Kg8 9. Nxg4 Nbd7 10. O-O h5 11. Nxf6+ exf6 12. Qc4+ Kh7 13. d4 g6 14. Re1 Bg7 15. Ne4 Qc7 16. g3 Nb6 17. Qd3 Rad8 18. Bf4 Qd7 19. Rad1 Nd5 20. Bc1 Rhe8 21. c4 Nb4 22. Qb3 Na6 23. Bf4 Kh8 24. c5 Rxe4 25. Rxe4 Nxc5 26. dxc5 Qxd1+ 27. Qxd1 Rxd1+ 28. Kg2 Rd7 29. b4 Bf8 30. Re8 Kg7 31. Bh6+ Kxh6 32. Rxf8 Kg7 33.
Rb8 Kf7 34. Kf3 Ke6 35. Ke3 Kf5 36. f3 Re7+ 37. Kd3 h4 38. g4+ Kf4 39. Rf8 f5 40.
gxf5 gxf5 41. Rf6 Re3+ 42. Kd2 Ra3 43. Rf7 Rxa2+ 44. Kc3 b6 45. b5 Ra5 46. bxc6 Rxc5+ 47.
Kd4 Rxc6 48. Rxa7 Rd6+ 0-1

[Event "*** SCC Grand Prix: Titled Tuesday Blitz"]
[Site "Chess.com"]
[Date "2020.06.23"]
[Round "2"]
[White "TST2014"]
[Black "justantan"]
[Result "0-1"]
[WhiteElo "2514"]
[BlackElo "2778"]
[TimeControl "180+1"]
[EndTime "10:19:34 PDT"]
[Termination "justantan won by resignation"]

1. d4 Nf6 2. c4 e6 3. Nf3 d5 4. Nc3 c6 5. e3 Nbd7 6. Qc2 b6 7. Bd3 Bb7 8. O-O Be7 9. b3 O-O 10. Bb2 dxc4 11. bxc4 c5 12. d5 exd5 13. cxd5 Re8 14.
e4 Bd6 15. h3 a6 16. a4 Rc8 17. Bc4 Ne5 18. Nxe5 Bxe5 19. Rfe1 Qd6 20. Qd3 Nh5 21. Re3 Nf4 22. Qf1 Bd4 23. Rf3 Ra8 24. Re1 Ng6 25.
g3 Ne5 26. Rf4 g5 27. Rf5 h6 28. Nd1 Bc8 29. Bxd4 cxd4 30. Rxe5 Rxe5 31. f4 Re8 32. e5 Qc5 33. Kh2 b5 34. Bb3 bxa4 35. Bxa4 Rf8 36. Nf2 Bf5 37. Ng4 Bxg4 38. hxg4 Qxd5 39.
fxg5 Qa2+ 40. Re2 Qxa4 41. gxh6 Qc6 42. Qf5 Qxh6+ 43. Kg1 Qg6 44. Qf4 d3 45. Rh2 Rab8 46. Qd4 Rb1+ 47. Kf2 Rfb8 48. e6 R1b2+ 49. Ke3 Rxh2 50.
exf7+ Qxf7 51. Qxd3 Re8+ 52. Kd4 Rh7 53. Qxa6 Qd7+ 54.
Kc5 Rc8+ 55. Kb4 Qc6 56. Qa2+ Rf7 57. g5 Qb6+ 0-1

[Event "*** SCC Grand Prix: Titled Tuesday Blitz"]
[Site "Chess.com"]
[Date "2020.06.23"]
[Round "2"]
[White "petrkostenko"]
[Black "Gordima"]
[Result "0-1"]
[WhiteElo "2501"]
[BlackElo "2741"]
[TimeControl "180+1"]
[EndTime "10:19:34 PDT"]
[Termination "Gordima won on time"]

1. e4 c5 2. Nf3 e6 3. c4 Nc6 4.
Be2 g6 5. d4 d6 6. d5 Nce7 7.
Nc3 e5 8. a3 f6 9. b4 b6 10.
Rb1 Bh6 11. O-O Kf8 12. Ne1 Kg7 13. bxc5 bxc5 14. Nd3 Bxc1 15. Qxc1 Nh6 16. f4 Nf7 17.
fxe5 fxe5 18. Qe3 Rf8 19. Rf2 Bd7 20. Rbf1 Ng8 21. Nb5 Bxb5 22. cxb5 Qa5 23. Nb2 Qc7 24. Nc4 Nfh6 25. a4 Rxf2 26. Qxf2 Nf7 27. a5 Qe7 28. Qxf7+ Qxf7 29. Rxf7+ Kxf7 30. Nxd6+ Ke7 31. Nc4 Nf6 32. Bd3 Nd7 33. Kf2 Rb8 34. Ke3 Rxb5 35. Nxe5 Rb3 36. Nc6+ Kd6 37. Kd2 Ne5 38. Bc2 Ra3 39. Nxa7 Rxa5 40.
Nc8+ Kc7 41. Ne7 Nc4+ 42. Kc3 Ne5 43. Ng8 Kd6 44. Nf6 h5 45. h4 Ra3+ 46. Kd2 Rg3 47. Ne8+ Ke7 48. Nc7 Rxg2+ 49. Kc3 Rg3+ 50. Kd2 g5 51.
hxg5 h4 52. Nb5 h3 53. d6+ Kd7 54. Ba4 h2 55. Nc3+ Kxd6 56. Ne2 Rg2 0-1

[Event "*** SCC Grand Prix: Titled Tuesday Blitz"]
[Site "Chess.com"]
[Date "2020.06.23"]
[Round "2"]
[White "Smile2005"]
[Black "H3nriqueTV"]
[Result "1-0"]
[WhiteElo "2539"]
[BlackElo "2198"]
[TimeControl "180+1"]
[EndTime "10:19:34 PDT"]
[Termination "Smile2005 won by resignation"]

1. c4 c5 2. Nc3 Nf6 3. e3 Nc6 4. d4 cxd4 5. exd4 d6 6. Nf3 Bg4 7. Be2 e6 8. O-O Be7 9. Be3 O-O 10. h3 Bh5 11. Rc1 d5 12. cxd5 exd5 13. Ne5 Bxe2 14. Qxe2 Rc8 15. Nxc6 bxc6 16. Na4 Re8 17. Nc5 Bxc5 18.
Rxc5 Ne4 19. Rc2 f5 20. Qa6 Qd7 21. Rfc1 Re6 22. Bf4 g5 23. Bd2 c5 24. Qa5 c4 25.
b3 Rec6 26. bxc4 Rxc4 27. Rxc4 Rxc4 28. Rb1 Rc8 29. Bb4 Qc6 30. Qxa7 Nxf2 31. Re1 Ne4 32. Rf1 Ng3 33. Re1 Ne4 34. a3 Qc2 35. Qd7 Qf2+ 36. Kh1 Qxe1+ 37. Bxe1 Rc1 38. Qxd5+ Kg7 39. Qe5+ Kg6 40.
Qa5 Ng3+ 41. Kh2 f4 42. d5 Nf1+ 43. Kg1 Ne3 44. d6 Nc2 45. d7 Nxe1 46. Kf2 Nd3+ 47.
Kf3 Ne5+ 48. Ke4 Nxd7 49. Qf5+ Kh6 50. Qxd7 Re1+ 51. Kf5 Re3 52. Qd6+ Kh5 53. Qf6 h6 54. Qg6+ Kh4 55. Qxh6+ Kg3 56. Qxg5+ Kf2 57. Qxf4+ Ke2 58.
Qxe3+ Kxe3 59. h4 1-0

[Event "*** SCC Grand Prix: Titled Tuesday Blitz"]
[Site "Chess.com"]
[Date "2020.06.23"]
[Round "2"]
[White "Salem-AR"]
[Black "BogdanBelyakov89"]
[Result "1/2-1/2"]
[WhiteElo "2918"]
[BlackElo "2590"]
[TimeControl "180+1"]
[EndTime "10:19:36 PDT"]
[Termination "Game drawn by repetition"]

1. d4 Nf6 2. c4 g6 3. g3 Bg7 4.
Bg2 O-O 5. Nc3 d6 6. Nf3 Nc6 7. O-O a6 8. b3 Rb8 9. d5 Na5 10.
Bg5 c5 11. dxc6 Nxc6 12. Rc1 h6 13. Bd2 d5 14. cxd5 Nxd5 15. Nxd5 Qxd5 16. Bf4 Qxd1 17.
Rfxd1 e5 18. Be3 Bg4 19. h3 Bxf3 20. exf3 Nd4 21. Kf1 Rfd8 22. f4 Nf5 23. Ba7 Rxd1+ 24. Rxd1 Rc8 25. fxe5 Bxe5 26. Bxb7 Rc2 27. a4 a5 28. Be4 Rb2 29. Rd5 Bc3 30. Bxf5 gxf5 31. Bb6 Rxb3 32. Bxa5 Bxa5 33. Rxa5 f4 34. gxf4 Rxh3 35.
Ra7 Ra3 36. a5 Kg7 37. a6 Kg6 38. Kg2 h5 39. Ra8 h4 40. a7 Kf5 41. Rh8 Rxa7 42. Rxh4 f6 43. Kg3 Ra3+ 44. f3 Ra4 45. Rh5+ Kg6 46. Rb5 Rc4 47. Kg4 Ra4 48. Rc5 Rb4 49. Ra5 Rc4 50. Kg3 Rd4 51. Rc5 Rb4 52. Rc8 Ra4 53.
Rb8 Kf5 54. Rb6 Kg6 55. Rb5 Rc4 56. Rb1 Rb4 57. Rh1 Kf5 58. Rh5+ Kg6 59. Rh8 Ra4 60. Rh4 Kf5 61. Rg4 Rb4 62. Rh4 Ra4 1/2-1/2

[Event "*** SCC Grand Prix: Titled Tuesday Blitz"]
[Site "Chess.com"]
[Date "2020.06.23"]
[Round "2"]
[White "BigAl"]
[Black "OnePeculiarConundrum"]
[Result "0-1"]
[WhiteElo "2443"]
[BlackElo "2282"]
[TimeControl "180+1"]
[EndTime "10:19:37 PDT"]
[Termination "OnePeculiarConundrum won by resignation"]

1. e4 c5 2. Nc3 d6 3. f4 Nf6 4.
Nf3 e6 5. Bb5+ Bd7 6. a4 Nc6 7. O-O a6 8. Bc4 Be7 9. Ba2 Nb4 10.
Bb1 b5 11. d3 O-O 12. Qe1 Qb6 13. Kh1 Bc6 14. Qg3 Kh8 15. Qh3 Bb7 16. Nd1 c4 17.
Be3 Qc7 18. Nf2 Rac8 19. Ng5 h6 20. axb5 axb5 21. dxc4 Qxc4 22. Rc1 Kg8 23. c3 hxg5 24. e5 dxe5 25. fxe5 Ne4 26. Bxe4 Bxe4 27. cxb4 Qxb4 28.
Re1 Bg6 29. Qg3 Qh4 30. Qxh4 gxh4 31. h3 Rc2 32. Ra7 Bb4 33. Rd1 Rxb2 34. Ng4 Rc8 35. Bg5 Bf8 36. Bxh4 b4 37. Rb7 Rb1 38. Rxb1 Bxb1 39.
Kh2 Bc2 40. Ne3 b3 41. Be1 Bc5 42. Nc4 Bd4 43. Nd6 Bxe5+ 44. Bg3 Bxg3+ 45. Kxg3 Rc3+ 46. Kh4 Bg6 47. g4 Rd3 48. Nc8 Rc3 49. Ne7+ Kh7 50. Rb8 Bc2 51. g5 Rc4+ 52. Kg3 Rc5 53. h4 Rc3+ 54. Kg4 Rc7 55. Ng8 b2 56. Rxb2 Kxg8 57. h5 Bf5+ 58. Kf4 Rc4+ 59. Ke5 Re4+ 60. Kd6 Rh4 61. g6 fxg6 62. Ke7 gxh5 63. Rb8+ Kh7 64. Kf7 Rg4 65. Rg8 h4 66. Rc8 h3 67. Rc3 Rh4 68. Rg3 Bg4 69. Rc3 h2 70. Rc8 Bh5+ 71. Ke7 h1=Q 72.
Rc5 Qb7+ 0-1

[Event "*** SCC Grand Prix: Titled Tuesday Blitz"]
[Site "Chess.com"]
[Date "2020.06.23"]
[Round "2"]
[White "Bossche-CM"]
[Black "diamonds13"]
[Result "1/2-1/2"]
[WhiteElo "2452"]
[BlackElo "2266"]
[TimeControl "180+1"]
[EndTime "10:19:37 PDT"]
[Termination "Game drawn - insufficient material"]

1. e4 c5 2. b3 Nc6 3. Bb2 Nf6 4. e5 Nd5 5. Nc3 Nxc3 6. Bxc3 d5 7. exd6 e5 8. Bc4 Qxd6 9. Ne2 f6 10. Ng3 Be6 11. Ne4 Qd7 12. Qh5+ Bf7 13. Qe2 O-O-O 14. O-O-O a6 15. Rhe1 h6 16. g3 h5 17. f4 exf4 18. gxf4 h4 19. Kb1 Bh5 20. Qf2 Bxd1 21. Rxd1 b5 22. Bf1 Nd4 23. a4 f5 24. Ng5 g6 25.
axb5 axb5 26. Re1 Bg7 27. Qg2 Kb8 28. h3 Rhe8 29. Rd1 b4 30. Bb2 Re7 31. Bc4 Rde8 32.
Qf2 Qd6 33. Qxh4 Ra7 34. Qf2 Qe7 35. h4 Qc7 36. Nf7 Qa5 37. Ne5 Qa2+ 38. Kc1 Rxe5 39. fxe5 Bxe5 40. Qe3 Nxb3+ 41. Qxb3 Bxb2+ 42. Qxb2 Qa1+ 43. Qb1 Qa3+ 44. Qb2 Kc7 45. Qxa3 Rxa3 46. Kb2 Rh3 47. Rg1 Rxh4 48. Rxg6 Rxc4 49. Rf6 Rf4 50. Kb3 Rf2 51. d4 cxd4 52. Kxb4 Kd7 53. Kb3 Ke7 54. Rh6 Rf3+ 55. Kc4 Rc3+ 56. Kxd4 Rxc2 57. Ke5 Rc5+ 58. Kf4 Ra5 59.
Rb6 Kf7 60. Rb7+ Ke6 61. Rb6+ Ke7 62. Rb7+ Kd6 63. Rb6+ Kc5 64. Rf6 Kd4 65. Rxf5 Rxf5+ 66. Kxf5 1/2-1/2

[Event "*** SCC Grand Prix: Titled Tuesday Blitz"]
[Site "Chess.com"]
[Date "2020.06.23"]
[Round "2"]
[White "ExtremeLearner"]
[Black "bazar-wokzal"]
[Result "0-1"]
[WhiteElo "2177"]
[BlackElo "2419"]
[TimeControl "180+1"]
[EndTime "10:19:37 PDT"]
[Termination "bazar-wokzal won by checkmate"]

1. d4 Nf6 2. Bf4 c5 3. e3 Qb6 4. Na3 cxd4 5. exd4 d5 6. Nf3 Bd7 7. Rb1 e6 8. Ne5 Bxa3 9. bxa3 Qa5+ 10. Qd2 Qxd2+ 11. Bxd2 b6 12. Bb4 Nc6 13. Nxc6 Bxc6 14.
Ba6 Kd7 15. f3 Ne8 16. Kf2 Nc7 17. Bd3 Bb5 18. Rhd1 Bxd3 19. Rxd3 Rhc8 20. Bd2 Ne8 21. c3 Nd6 22. Re1 Rc4 23. g4 Rac8 24. h4 Nb5 25. Ree3 Nxa3 26. f4 Nb1 27. Ke2 Ra4 28. f5 Rxa2 29. g5 exf5 30. Re5 Nxd2 31. Rxd2 Rxd2+ 32. Kxd2 Kd6 33. Rxf5 Rc7 34. h5 g6 35. Rf6+ Ke7 36.
h6 Rb7 37. Kc2 a5 38. Kb3 b5 39. Ra6 a4+ 40. Kb4 Rc7 41. Kxb5 Rxc3 42. Rxa4 Rg3 43.
Ra7+ Ke6 44. Ra6+ Kf5 45. Rf6+ Kxg5 46. Rxf7 Kxh6 47. Kc5 Rg5 48. Kd6 Rf5 49. Re7 g5 50. Re6+ Kh5 51. Re7 h6 52. Re1 Kg6 53. Ke6 g4 54. Ra1 g3 55. Ra8 Rg5 56. Rg8+ Kh5 57. Ra8 g2 58. Ra1 g1=Q 59. Rxg1 Rxg1 60. Kxd5 Rd1 61.
Kd6 Rxd4+ 62. Ke5 Kg4 63. Kxd4 Kf3 64. Kd3 h5 65. Kd2 h4 66. Ke1 Kg2 67. Ke2 h3 68.
Ke3 h2 69. Kf4 h1=Q 70. Ke3 Qh4 71. Kd3 Qf4 72. Ke2 Qd4 73. Ke1 Kf3 74. Kf1 Qd1# 0-1

[Event "*** SCC Grand Prix: Titled Tuesday Blitz"]
[Site "Chess.com"]
[Date "2020.06.23"]
[Round "2"]
[White "Marcin"]
[Black "picturesquecheck"]
[Result "1-0"]
[WhiteElo "2390"]
[BlackElo "2079"]
[TimeControl "180+1"]
[EndTime "10:19:37 PDT"]
[Termination "Marcin won by resignation"]

1. d4 Nf6 2. c4 e6 3. Nf3 d5 4. Nc3 dxc4 5. e4 b5 6. e5 Nd5 7. Nxb5 Nb6 8. Be3 Bb7 9. Be2 Be7 10.
O-O O-O 11. Rc1 Qd7 12. Nc3 Nc6 13. Ne4 Nxd4 14. Nf6+ Bxf6 15. Bxd4 Be7 16. Qd2 Rfd8 17. Rfd1 Qa4 18. Qf4 c5 19. Bc3 Qxa2 20. Ng5 Bxg5 21. Qxg5 Rd5 22. Bf3 Rxd1+ 23. Rxd1 Bd5 24. h4 Qa4 25.
Bh5 Qe8 26. Qe3 Rd8 27. Qxc5 g6 28. Be2 Na4 29. Qxa7 Nxc3 30. bxc3 Qc6 31. Qd4 Ra8 32. f3 Kg7 33. h5 h6 34. hxg6 fxg6 35. Rb1 Ra2 36.
Rb6 Qd7 37. Kf2 h5 38. Qf4 Ra7 39. Qf6+ Kh7 40. Rb8 Qg7 41. Rf8 Qxf6 42. exf6 Rd7 43. Ke3 g5 44. Kd4 Kg6 45. Ke5 Rf7 46. Rg8+ Kh7 47.
Re8 h4 48. Re7 Kg8 49. Rxf7 Kxf7 50. Bd1 Bc6 51. Bc2 Bb5 52. Be4 Ba6 53. Bc6 Bc8 54.
Bb5 Bb7 55. Bxc4 Bxf3 56. Bxe6+ Kf8 57. gxf3 g4 58. Bxg4 1-0

[Event "*** SCC Grand Prix: Titled Tuesday Blitz"]
[Site "Chess.com"]
[Date "2020.06.23"]
[Round "2"]
[White "Elegance_Riks"]
[Black "Eltaj_Safarli"]
[Result "0-1"]
[WhiteElo "2597"]
[BlackElo "2957"]
[TimeControl "180+1"]
[EndTime "10:19:39 PDT"]
[Termination "Eltaj_Safarli won by resignation"]

1. e4 e5 2. Nf3 Nc6 3. Nc3 Nf6 4. Bb5 Bb4 5. O-O O-O 6. Bxc6 dxc6 7. d3 Re8 8. Ne2 Bg4 9. Ng3 Nh5 10. h3 Nxg3 11.
fxg3 Bd7 12. Qe2 f6 13. g4 h6 14. Nh4 Bf8 15. Nf5 c5 16. Be3 Be6 17. b3 b5 18. h4 c4 19. g5 cxd3 20. cxd3 hxg5 21. hxg5 fxg5 22. Rad1 g6 23. Ng3 Bg7 24. Rd2 Qe7 25. Nh1 Rf8 26. Nf2 Rad8 27. Rdd1 c5 28. Nh3 Bxh3 29.
gxh3 Rf4 30. Bxf4 exf4 31. Kh1 Bd4 32. Qg4 Kg7 33. Rd2 Be3 34. Rg2 Rxd3 35. Qxg5 Qxg5 36. Rxg5 Rd2 37. e5 Rxa2 38. e6 Kf6 39. Re5 Ke7 40.
Rd1 Bd4 41. Rg5 Kxe6 42. Rxg6+ Kf5 43. Rd6 f3 44. b4 Kf4 45. bxc5 Bxc5 46. Rf6+ Kg3 47.
Rg6+ Kxh3 48. Rh6+ Kg3 49. Rg6+ Kf2 50. Rdg1 Ra4 51.
R6g4 Rxg4 52. Rxg4 Ke2 53. Re4+ Be3 54. Rb4 f2 55. Rb2+ Kf3 56. Rb1 b4 57. Kh2 b3 58.
Kh3 b2 59. Rf1 Bc1 60. Kh2 b1=Q 0-1

[Event "*** SCC Grand Prix: Titled Tuesday Blitz"]
[Site "Chess.com"]
[Date "2020.06.23"]
[Round "2"]
[White "StockholmMissile"]
[Black "Spartakus1975"]
[Result "0-1"]
[WhiteElo "2420"]
[BlackElo "2679"]
[TimeControl "180+1"]
[EndTime "10:19:39 PDT"]
[Termination "Spartakus1975 won by resignation"]

1. d4 d5 2. c4 c6 3. Nf3 Nf6 4. Nc3 a6 5. c5 Bf5 6. Qb3 Qc8 7. Bf4 Nbd7 8. e3 Nh5 9. Be2 g6 10. O-O Bg7 11. Rad1 O-O 12. h3 Nxf4 13. exf4 Bh6 14. g4 Be6 15. Ng5 Bxg5 16. fxg5 f6 17. f4 fxg5 18.
fxg5 Qc7 19. Na4 Rf4 20. Qe3 Re4 21. Qd3 Rf8 22. Rxf8+ Nxf8 23. Nc3 Rf4 24. Rf1 Bf7 25. Qe3 Ne6 26. Rxf4 Qxf4 27. Qxf4 Nxf4 28. Bf1 Ne6 29. Ne2 Nxg5 30. Kf2 Kg7 31. Ke3 h6 32. h4 Nh7 33.
Bg2 Kf6 34. Ng3 e5 35. dxe5+ Kxe5 36. Ne2 Nf6 37. Bf3 g5 38. hxg5 hxg5 39. Nd4 Bg6 40. a3 Be4 41. Be2 Nd7 42. b4 Nf8 43. a4 Ng6 44. b5 axb5 45. axb5 cxb5 46. Bxb5 Nf4 47. Nb3 Ne6 48. Bd7 d4+ 49. Kd2 Nf4 50. Na5 Nd3 51. c6 bxc6 52. Bxc6 Nf2 53. Bd7 d3 54. Nc4+ Kd4 55.
Ne3 Bg6 56. Bf5 Bf7 57. Nd1 Nxd1 58. Kxd1 Ke3 59. Bxd3 Kxd3 60. Ke1 Ke3 61. Kf1 Kf3 62. Kg1 Kxg4 0-1

[Event "*** SCC Grand Prix: Titled Tuesday Blitz"]
[Site "Chess.com"]
[Date "2020.06.23"]
[Round "2"]
[White "nikitakhoroshev"]
[Black "XDPS"]
[Result "1-0"]
[WhiteElo "2481"]
[BlackElo "2671"]
[TimeControl "180+1"]
[EndTime "10:19:40 PDT"]
[Termination "nikitakhoroshev won on time"]

1. d4 d5 2. c4 e6 3. Nc3 Nf6 4. Nf3 c6 5. Bg5 Nbd7 6. e3 Qa5 7. Nd2 dxc4 8. Bxf6 Nxf6 9. Nxc4 Qc7 10. g3 Be7 11. Bg2 O-O 12. O-O Rd8 13. Qe2 Bd7 14.
Rac1 Rac8 15. a3 c5 16. d5 exd5 17. Nxd5 Nxd5 18. Bxd5 b5 19. Qf3 Be8 20. Nd2 Qe5 21. e4 Qxb2 22. Rfd1 c4 23. Nf1 Qxa3 24. Ne3 Qc5 25. Nf5 Bf8 26. Qg4 Kh8 27. h4 Qb6 28.
h5 Qf6 29. f4 g6 30. hxg6 hxg6 31. Qh3+ Kg8 32. Nh6+ Bxh6 33. Qxh6 Qg7 34. Qh4 Rxd5 35.
exd5 f6 36. d6 Rd8 37. f5 g5 38. Qd4 Bc6 39. Qc5 Qb7 40. Rd2 Qb6 41. Qxb6 axb6 42. Kf2 Kf7 43. g4 Rh8 44. Kg3 Rd8 45. Re1 Rd7 46. Rc1 Rd8 47. Rd4 Re8 48. Kf2 Rd8 49.
Ra1 Rd7 50. Rc1 Ra7 51. Re1 c3 52. Re3 Ra2+ 53. Ke1 c2 54. Rc3 Bd7 55. Kd2 b4 56.
Rxb4 Ra5 57. Rxb6 Rd5+ 58. Kxc2 Ba4+ 59. Kb2 Bd7 60. Rc7 Rxd6 61. Rxd6 1-0

[Event "*** SCC Grand Prix: Titled Tuesday Blitz"]
[Site "Chess.com"]
[Date "2020.06.23"]
[Round "2"]
[White "124chess"]
[Black "MartinMatthiesen"]
[Result "1-0"]
[WhiteElo "2719"]
[BlackElo "2338"]
[TimeControl "180+1"]
[EndTime "10:19:41 PDT"]
[Termination "124chess won on time"]

1. b3 e5 2. Bb2 Nc6 3. e3 Nf6 4. Bb5 Bd6 5. d3 O-O 6. Bxc6 dxc6 7. Nd2 a5 8. a4 Nd5 9. Ne2 Qg5 10. O-O Qh6 11. e4 Nb4 12. Nc4 f6 13. Ng3 c5 14.
Bc1 Qg6 15. Be3 Nc6 16. Kh1 Be6 17. f4 exf4 18. Bxf4 Bxf4 19. Rxf4 Bxc4 20. bxc4 Ra6 21. Rb1 b6 22. Rg4 Qe8 23. Nf5 g6 24. Qd2 Ne5 25. Rg3 Kh8 26. Ne3 Ra8 27. Nd5 Rf7 28. Rf1 Qxa4 29.
h4 Raf8 30. h5 g5 31. h6 Qd7 32. Qc3 Qe6 33. Rf5 c6 34. Nxb6 Rb8 35. Na4 Rb1+ 36.
Kh2 Qe8 37. Rgxg5 Qf8 38. Rxe5 Qxh6+ 39. Kg3 fxe5 40. Qxe5+ Qf6 41. Qxf6+ Rxf6 42. Rxc5 Rf7 43. Rxa5 Ra1 44. Ra8+ Kg7 45. c5 Kg6 46. Nb6 Rxa8 47. Nxa8 Rb7 48. Nb6 Ra7 49. Kf3 Ra2 50. Nc4 Rxc2 51.
Ne5+ Kg7 52. d4 Rc3+ 53. Kf4 Rc2 54. Nxc6 Rxg2 55. d5 h5 56. d6 h4 57. d7 Rd2 58.
d8=Q 1-0